 Dungeon Crawl Stone Soup version 0.24-a0-699-g5a66b1aa3b (webtiles) character file.

Game seed: 17859280294221971932, levelgen mode: deterministic

4545 AntidotE the Blocker (level 10, -1/74 HPs)
             Began as a Formicid Fighter on Sept 29, 2019.
             Was an Initiate of Gozag.
             Slain by a killer bee (4 damage)
             ... on level 8 of the Dungeon.
             The game lasted 00:54:05 (8724 turns).

AntidotE the Blocker (Formicid Fighter)             Turns: 8724, Time: 00:54:05

Health: -1/74      AC:  8    Str: 27 (29) XL:     10   Next: 67%
Magic:  10/10      EV:  9    Int:  9 (11) God:    Gozag
Gold:   751        SH: 13    Dex:  8 (10) Spells: 9/9 levels left

rFire    . . .     SeeInvis +   a - +1 trident
rCold    . . .     Gourm    .   c - +1 shield
rNeg     . . .     Faith    .   q - +0 chain mail
rPois    +         Spirit   .   (helmet unavailable)
rElec    .         Reflect  .   (no cloak)
rCorr    .         Harm     .   h - +0 pair of gloves
MR       +....                  j - +0 pair of boots {run}
Stlth    ..........             (no amulet)
HPRegen  0.22/turn              e - ring of poison resistance
MPRegen  0.12/turn              C - +3 ring of intelligence

@: mighty, gold aura, quick
A: permanent stasis, dig shafts and tunnels, four strong arms, antennae 3, claws
1, deformed body
a: Dig, Shaft Self, Potion Petition, Call Merchant, Bribe Branch, Renounce
Religion


You were on level 8 of the Dungeon.
You worshipped Gozag.
Gozag was pleased with you.
You were not hungry.

You visited 2 branches of the dungeon, and saw 10 of its levels.
You also visited: Ossuary.

You collected 1025 gold pieces.
You spent 202 gold pieces at shops.
You paid 72 gold pieces to Gozag.

Inventory:

Hand Weapons
 a - a +1 trident (weapon)
 b - a +2 whip of freezing
Missiles
 g - 12 poisoned darts (quivered)
Armour
 c - a +1 shield (worn)
 h - a +0 pair of gloves (worn)
 j - a +0 pair of boots of running (worn)
 q - a +0 chain mail (worn)
Jewellery
 e - a ring of poison resistance (left hand)
 k - an uncursed ring of resist corrosion {unknown}
 x - an uncursed ring of fire
 C - a +3 ring of intelligence (right hand)
Wands
 z - a wand of iceblast (26)
 B - a wand of disintegration (13)
 D - a wand of random effects (41)
Scrolls
 i - a scroll of holy word {unknown}
 n - a scroll of magic mapping
 u - 2 scrolls of enchant weapon
 y - 4 scrolls of remove curse
 A - a scroll of enchant armour
 E - 3 scrolls of identify
Potions
 o - a potion of lignification
 r - a potion of flight
 v - 4 potions of curing
Comestibles
 f - 6 rations


   Skills:
 + Level 5.2 Fighting
 * Level 8.9 Polearms
 * Level 7.2 Throwing
 + Level 6.5 Armour
 + Level 1.3 Dodging
 + Level 1.2 Stealth
 * Level 9.2 Shields


You had 9 spell levels left.
You didn't know any spells.
Your spell library was empty.

Dungeon Overview and Level Annotations

Branches:
Dungeon (9/15)             Temple (1/1) D:6         Ossuary (visited)
   Lair: D:8-11         Orc: D:9-12

Altars:
Cheibriados
Dithmenos
Fedhas
Gozag
Hepliaklqana
Kikubaaqudgha
Makhleb
Nemelex Xobeh
Okawaru
Qazlal
Ru
Sif Muna
Trog
Uskayaw
Vehumet
Wu Jian
Xom
Yredelemnul
Zin
The Shining One

Shops:
D:6 [   D:8 [

Annotations:
D:2 exclusion: upstairs


Innate Abilities, Weirdness & Mutations

You cannot be hasted, slowed, berserked, paralysed or teleported.
You can dig through walls and to a lower floor.
Your four strong arms can wield two-handed weapons with a shield.
You have a pair of large antennae on your head. (SInv)
You have sharp fingernails.
Armour fits poorly on your strangely shaped body.


Message History

You feel very mighty all of a sudden.
The killer bee becomes distracted by the nearby gold, dreaming of imaginary riches.
You block the killer bee's attack.
The killer bee becomes distracted by the nearby gold, dreaming of imaginary riches.
A killer bee comes into view.
The killer bee barely misses you.
The killer bee moves out of view.
You miss the killer bee.
The killer bee is no longer distracted by gold.
The killer bee stings you.
* * * LOW HITPOINT WARNING * * *
You barely miss the killer bee.
The killer bee stings you but does no damage.
You block the killer bee's attack.
You miss the killer bee.
The killer bee is no longer distracted by gold.
The killer bee stings you but does no damage.
The killer bee becomes distracted by the nearby gold, dreaming of imaginary riches.
You miss the killer bee. The killer bee stings you.
You die...
Your body crumbles into a pile of gold.

#..........##.###.....##
#..........##.####...##
#..........##...###.##
*...........'...# ###
*..........##...#
**######.####...# #..#
#.### ##.# #.#
***########## #@# #.#
*,,.........# #y# #.#
**,,.........# #y###.#
,*,,.........###yy##.#
,*,,..........{yy....#
,#########.{...y#..#.######
,.........................#
,.........................#
,.(.......................#


You could see 7 killer bees.

Vanquished Creatures
  Pikel (D:8)
  A queen bee (D:8)
  Grinder (D:6)
  5 yaks (D:6)
  A water moccasin (D:5)
  Duvessa (D:7)
  A sky beast (D:7)
  2 ice beasts
  A phantom (D:7)
  3 centaurs
  2 ogres (D:7)
  2 big kobolds (D:7)
  2 bullfrogs (D:6)
  Dowan (D:7)
  3 killer bees (D:8)
  2 scorpions
  3 crimson imps
  3 centaur zombies (Ossuary)
  6 orc priests
  6 hounds
  A jelly (D:5)
  8 orc wizards
  2 iguanas
  Natasha (twice) (D:4)
  4 worker ants
  A killer bee zombie (D:6)
  3 big kobold zombies (Ossuary)
  A hound zombie (D:8)
  2 hound skeletons (D:4)
  6 mummies
  A worker ant zombie (D:7)
  3 gnolls (D:6)
  8 adders
  An ooze (D:4)
  A worm zombie (D:8)
  An adder skeleton (D:4)
  3 worms
  2 dart slugs (D:3)
  7 leopard geckos
  16 orcs
  A ball python (D:1)
  2 giant cockroaches
  4 goblins
  2 hobgoblins
  6 jackals (D:2)
  5 quokkas
  A ball python zombie (D:5)
  8 bats
  4 frilled lizards
  A goblin zombie (D:8)
  4 hobgoblin zombies (Ossuary)
  13 kobolds
  6 rats
177 creatures vanquished.

Notes
Turn   | Place    | Note
-------+----------+-------------------------------------------
     0 | D:1      | AntidotE the Formicid Fighter began the quest for the Orb.
     0 | D:1      | Reached XP level 1. HP: 18/18 MP: 1/1
   176 | D:1      | Reached XP level 2. HP: 19/24 MP: 2/2
   477 | D:2      | Reached skill level 4 in Shields
   805 | D:2      | Found a radiant altar of Vehumet.
   900 | D:2      | Reached XP level 3. HP: 29/29 MP: 3/3
  1618 | D:2      | Reached skill level 1 in Throwing
  1618 | D:2      | Reached XP level 4. HP: 33/35 MP: 4/4
  2415 | D:4      | Reached XP level 5. HP: 19/41 MP: 5/5
  2506 | D:3      | Reached XP level 6. HP: 14/47 MP: 6/6
  2511 | D:3      | Reached skill level 5 in Shields
  2919 | D:3      | Noticed an ice beast
  2935 | D:3      | Killed an ice beast
  3245 | D:5      | Entered Level 5 of the Dungeon
  3443 | D:4      | Noticed Natasha
  3451 | D:4      | Killed Natasha
  3628 | D:4      | Reached skill level 1 in Stealth
  3628 | D:4      | Reached XP level 7. HP: 54/54 MP: 7/7
  3655 | D:4      | Noticed Natasha
  3670 | D:4      | Killed Natasha
  4009 | D:4      | Found an ornate altar of the Wu Jian Council.
  4146 | D:5      | Found a shimmering blue altar of Sif Muna.
  4148 | D:5      | Found an iron altar of Okawaru.
  4149 | D:5      | Found an opulent altar of Gozag.
  4169 | D:5      | Became a worshipper of Gozag Ym Sagoz the Greedy
  4316 | D:5      | Noticed a water moccasin
  4366 | D:5      | Killed a water moccasin
  4486 | D:5      | Reached skill level 5 in Polearms
  4541 | D:5      | Reached XP level 8. HP: 46/60 MP: 8/8
  4708 | D:5      | Reached skill level 1 in Dodging
  5041 | D:6      | Found a snail-covered altar of Cheibriados.
  5052 | D:6      | Reached skill level 6 in Shields
  5130 | D:6      | Noticed Grinder
  5156 | D:6      | Reached skill level 5 in Armour
  5166 | D:6      | Killed Grinder
  5225 | D:6      | Reached XP level 9. HP: 46/66 MP: 9/9
  5234 | D:6      | Found Jerrock's Antique Armour Shoppe.
  5380 | D:6      | Found a glowing golden altar of the Shining One.
  5702 | D:6      | Found a hazy altar of Hepliaklqana.
  5803 | D:6      | Found a staircase to the Ecumenical Temple.
  5812 | Temple   | Entered the Ecumenical Temple
  6100 | D:7      | Reached skill level 5 in Throwing
  6195 | D:6      | Reached skill level 7 in Shields
  6718 | D:7      | Found a shimmering altar of Xom.
  6804 | D:7      | Found a shimmering altar of Xom.
  6804 | D:7      | Found a shimmering altar of Xom.
  6835 | D:7      | Found a shimmering altar of Xom.
  6835 | D:7      | Found a shimmering altar of Xom.
  6863 | D:7      | Noticed Duvessa
  6872 | D:7      | Noticed Dowan
  6878 | D:7      | Killed Duvessa
  6890 | D:7      | Reached XP level 10. HP: 71/73 MP: 10/10
  6908 | D:7      | Killed Dowan
  6978 | D:7      | Reached skill level 8 in Shields
  7100 | D:8      | Found a stormy altar of Qazlal.
  7100 | D:8      | Found a basalt altar of Yredelemnul.
  7352 | D:8      | HP: 1/73 [orc priest/nerve-wracking pain (6)]
  7712 | D:8      | Found a sand-covered staircase.
  7742 | Ossuary  | Entered an ossuary
  7768 | Ossuary  | Reached skill level 5 in Fighting
  8205 | Ossuary  | Gained mutation: Armour fits poorly on your strangely
                  | shaped body. [potion of mutation]
  8205 | Ossuary  | Gained mutation: You have sharp fingernails. [potion of
                  | mutation]
  8253 | D:8      | Found Jasu's Antique Armour Shoppe.
  8264 | D:8      | Bought a pair of glowing boots for 202 gold pieces
  8274 | D:8      | Identified a +0 pair of boots of running (You bought it in
                  | a shop on level 8 of the Dungeon)
  8315 | D:8      | Noticed Pikel
  8354 | D:8      | Killed Pikel
  8354 | D:8      | Reached skill level 9 in Shields
  8721 | D:8      | HP: 3/74 [killer bee (6)]
  8724 | D:8      | Slain by a killer bee

Levels and vault maps discovered:
D:1:      enne_arrival_octagon_isle, layout_loops_ring, columned_hall_lemuel,
          minmay_bisected
D:2:      layout_loops_corners, fiery_altar_vehumet
D:3:      layout_loops_ring
D:4:      layout_loops_corners, lemuel_crystal_altar, first_ration,
          minmay_misc_feat_five, uniq_natasha
D:5:      layout_loops_ring, grunt_temple_overflow_open
D:6:      layout_cave_pools, slow_altar_1, nicolae_tso_swordbearing_angel,
          old_standard_altar, minmay_temple_entry_poolview, serial_shops, shop,
          hangedman_decor_diamond_cutter, minmay_liquid_box, uniq_grinder
D:7:      layout_cave_pools, xom_redecorated, uniq_duvessa
D:8:      layout_basic, lemuel_round_altar, enter_ossuary_3, serial_shops, shop,
          david_nohive_1, yredelemnul_altar_generic, uniq_pikel
D:9:      layout_roguey, minitemple, david_orc_4, uniq_erolcha, uniq_grum
Temple:   jpeg_temple_alley_garden

Skill      XL: |  1  2  3  4  5  6  7  8  9 10 |
---------------+-------------------------------+-----
Shields        | 4 5 6 7 9 |  9.2
Throwing       | 1 2 3 4 6 7 |  7.2
Polearms       | 3 4 5 6 7 8 |  8.9
Fighting       | 4 5 |  5.2
Armour         | 4 5 6 |  6.5
Stealth        | 1 |  1.2
Dodging        | 1 |  1.3

Action                   |  1- 3 |  4- 6 |  7- 9 | 10-12 || total
-------------------------+-------+-------+-------+-------++-------
Melee: Trident           |   159 |   130 |   337 |   355 ||   981
Throw: Dart              |    46 |    50 |   181 |    55 ||   332
  Use: Scroll            |     5 |     1 |     3 |     1 ||    10
       Potion            |       |     1 |       |    14 ||    15
  Eat: Chunk             |     2 |     6 |     2 |       ||    10
       Ration            |       |       |     3 |     2 ||     5
Armor: Scale mail        |    22 |       |       |       ||    22
       Chain mail        |    60 |    47 |   100 |   138 ||   345
Dodge: Dodged            |    45 |    34 |    78 |    87 ||   244
Block: Shield            |    88 |    67 |   186 |   212 ||   553

Table legend:
 A = Non-vault XP
 B = Vault XP
 C = Vault XP percentage of total XP
 D = Non-vault monster count
 E = Vault monster count
 F = Vault count percentage of total count
                 A         B        C        D         E       F
            +---------+---------+-------+---------+---------+-------
      Total |    4456 |    2037 |  31.4 |     146 |      31 |  17.5
            +---------+---------+-------+---------+---------+-------
        D:1 |      11 |       7 |  38.9 |       9 |       4 |  30.8
        D:2 |      71 |       0 |   0.0 |      24 |       0 |   0.0
        D:3 |     320 |       0 |   0.0 |      20 |       0 |   0.0
        D:4 |     234 |      33 |  12.4 |      11 |       1 |   8.3
        D:5 |     536 |       0 |   0.0 |      14 |       0 |   0.0
        D:6 |    1808 |     276 |  13.2 |      21 |       2 |   8.7
        D:7 |    1222 |     214 |  14.9 |      36 |       2 |   5.3
        D:8 |     254 |    1197 |  82.5 |      11 |       7 |  38.9
    Ossuary |       0 |     310 | 100.0 |       0 |      15 | 100.0
            +---------+---------+-------+---------+---------+-------
